 Dungeon Crawl Stone Soup version 0.30-a0-800-g7c544603b3 (webtiles) character file.

Game seed: 3908065269159366150

147 Pimp the Trooper (level 5, -4/47 HPs)
             Began as a Hill Orc Fighter on Feb 22, 2023.
             Slain by Crazy Yiuf
             ... wielding a +2 quarterstaff of chaos
              (6 damage)
             ... on level 3 of the Dungeon.
             The game lasted 00:03:45 (1337 turns).

Pimp the Trooper (Hill Orc Fighter)                 Turns: 1337, Time: 00:03:46

Health: -4/47      AC:  6    Str: 21    XL:     5   Next: 29%
Magic:  5/5        EV: 10    Int:  8    God:
Gold:   52         SH:  4    Dex: 10    Spells: 4/4 levels left

rFire   . . .      SeeInvis .    a - +0 long sword
rCold   + + +      Faith    .    c - +0 buckler
rNeg    . . .      Spirit   .    l - +1 ring mail "Orin" {rC++}
rPois   .          Reflect  .    (no helmet)
rElec   .          Harm     .    (no cloak)
rCorr   .          Rampage  .    (no gloves)
Will    .....                    (no boots) Stlth
                                 (no amulet)
HPRegen 0.27/turn                h - ring of protection from cold
MPRegen 0.09/turn                (no ring)

@: lethally poisoned (-4 -> -7), slowed, very slow
A: no striking features
a: no special abilities


You were on level 3 of the Dungeon.
You visited 1 branch of the dungeon, and saw 3 of its levels.

You collected 52 gold pieces.

Inventory:

Hand Weapons
 a - a +0 long sword (weapon)
Missiles
 g - 3 atropa-tipped darts (quivered)
Armour
 b - a +0 scale mail
 c - a +0 buckler (worn)
 d - a +0 chain mail
 l - the +1 ring mail "Orin" (worn) {rC++}
   (You found it on level 3 of the Dungeon)

   rC:        It greatly protects you from cold.
Jewellery
 h - a ring of protection from cold (left hand)
Wands
 i - a wand of roots (15)
Scrolls
 f - a scroll of poison {unknown}
 j - a scroll of summoning {unknown}
 k - a scroll of brand weapon {unknown}
Potions
 e - 2 potions of magic {unknown}


   Skills:
 + Level 4.7 Fighting
 + Level 3.4 Long Blades
 + Level 4.2 Armour
 + Level 4.2 Shields


You had 4 spell levels left.
You didn't know any spells.
Your spell library contained the following spells:

 Spells                   Type           Power      Damage    Failure   Level
 Frozen Ramparts          Ice            0%         1d1       95%         3
 Ice Form                 Ice/Tmut       0%         N/A       100%        4
 Summon Ice Beast         Ice/Summ       0%         N/A       100%        4


Dungeon Overview and Level Annotations

Branches:
Dungeon (3/15)

Altars:
Vehumet

Annotations:
D:3 Crazy Yiuf


Message History

Crazy Yiuf is moderately wounded.
You feel very sick. Crazy Yiuf hits you but does no damage.
You hit Crazy Yiuf but do no damage.
Crazy Yiuf is moderately wounded.
You feel sick.
Crazy Yiuf cries, "Race King shoe!"
Crazy Yiuf barely misses you.
You hit Crazy Yiuf but do no damage.
Crazy Yiuf is moderately wounded.
You feel sick. Crazy Yiuf misses you.
You barely miss Crazy Yiuf.
Crazy Yiuf is moderately wounded.
You feel sick.
Crazy Yiuf hits you with a +2 quarterstaff of chaos.
You feel yourself slow down.
Crazy Yiuf hits you with a +2 quarterstaff of chaos.
Crazy Yiuf burns you.
You hit Crazy Yiuf but do no damage.
Crazy Yiuf is moderately wounded.
You feel sick.
You are no longer poisoned.
Crazy Yiuf hits you with a +2 quarterstaff of chaos.
Crazy Yiuf burns you.
Crazy Yiuf laughs, "Shower verde hand!"
Crazy Yiuf hits you with a +2 quarterstaff of chaos.
You are poisoned.
You hit Crazy Yiuf but do no damage.
Crazy Yiuf is moderately wounded.
You feel very sick.
Crazy Yiuf grits, "Fluff testudinal snail!"
Crazy Yiuf barely misses you.
Crazy Yiuf hits you with a +2 quarterstaff of chaos.
You hit Crazy Yiuf but do no damage.
Crazy Yiuf is moderately wounded.
You feel sick.
Crazy Yiuf hits you with a +2 quarterstaff of chaos!
* * * LOW HITPOINT WARNING * * *
Crazy Yiuf hits you with a +2 quarterstaff of chaos.
You die...

......####.#####..##
......# #.# #..).#
####### ### ♣....♣
♣♣...♣ ♣♣.♣♣ ♣♣.♣
♣.♣♣ ♣♣.♣ ♣@♣♣ #g#
... #...# #)..#
#####


You could see Crazy Yiuf.

Vanquished Creatures
  Natasha (thrice) (D:2)
  Terence (D:2)
  3 adders (D:2)
  2 endoplasms (D:1)
  3 goblins
  4 hobgoblins
  A jackal (D:2)
  A kobold (D:2)
  3 quokkas (D:2)
  2 ball pythons
  2 bats
  A frilled lizard (D:2)
  3 rats (D:2)
29 creatures vanquished.

Vanquished Creatures (others)
  A demonic plant (D:1)
1 creature vanquished.

Grand Total: 30 creatures vanquished

Notes
Turn   | Place    | Note
-------+----------+-------------------------------------------
     0 | D:1      | Pimp the Hill Orc Fighter began the quest for the Orb.
     0 | D:1      | Reached XP level 1. HP: 19/19 MP: 1/1
    88 | D:1      | Reached XP level 2. HP: 25/27 MP: 2/2
   110 | D:1      | You fall into a shaft and drop 1 floor!
   122 | D:2      | Found a radiant altar of Vehumet.
   179 | D:2      | Noticed Natasha
   183 | D:2      | Noticed a crimson imp
   189 | D:2      | HP: 1/27 [Natasha (5)]
   190 | D:2      | Noticed a crimson imp
   192 | D:2      | Killed Natasha
   193 | D:2      | Reached XP level 3. HP: 2/33 MP: 3/3
   194 | D:2      | HP: 1/33 [hobgoblin (2)]
   496 | D:2      | Noticed Terence
   525 | D:2      | Killed Terence
   526 | D:2      | Reached XP level 4. HP: 14/41 MP: 4/4
   751 | D:2      | Noticed Natasha
   772 | D:2      | Killed Natasha
   942 | D:2      | Reached XP level 5. HP: 38/47 MP: 5/5
  1011 | D:2      | Noticed Natasha
  1021 | D:2      | Killed Natasha
  1263 | D:3      | Identified the +1 ring mail "Orin" {rC++}
  1325 | D:3      | Found a runed translucent door.
  1326 | D:3      | Noticed Crazy Yiuf
  1337 | D:3      | HP: 2/47 [Crazy Yiuf/+2 quarterstaff of chaos (12)]
  1337 | D:3      | Slain by Crazy Yiuf

Illustrated notes

Levels and vault maps discovered:
D:1:      dpeg_arrival_tiny_c, layout_loops_ring, shapermc_ecumenical_altar_gd
D:2:      layout_basic, basic_altar, hangedman_decor_points,
          minmay_misc_feat_pillars, minmay_misc_feat_ornament, uniq_natasha,
          uniq_terence
D:3:      layout_basic, portal_sewer_entry_d, uniq_jessica,
          uniq_crazy_yiuf_cottage, uniq_ijyb, uniq_robin

Skill      XL: |  1  2  3  4 |
---------------+-------------+-----
Fighting       | 4 |  4.7
Long Blades    | 3 |  3.4
Armour         | 4 |  4.2
Shields        | 4 |  4.2

Action                     |  1- 3 |  4- 6 || total
---------------------------+-------+-------++-------
  Melee: Long sword        |    68 |    68 ||   136
    Use: Potion            |     3 |       ||     3
         Scroll            |     3 |       ||     3
 Armour: Scale mail        |    31 |     2 ||    33
         Chain mail        |       |    43 ||    43
         Ring mail         |       |     5 ||     5
  Dodge: Dodged            |    42 |    27 ||    69
  Block: Buckler           |     9 |    12 ||    21

Table legend: (Time is in decaauts)
 A = Elapsed time spent in this place.
 B = Non-inter-level travel time spent in this place.
 C = Inter-level travel time spent in this place.
 D = Time resting spent in this place.
 E = Time spent auto-exploring this place.
 F = Levels seen in this place.
 G = Mean time per level.
                   A        B        C        D        E       F      G
               +--------+--------+--------+--------+--------+-----+--------+
         Total |   1365 |   1361 |      4 |    216 |    743 |   3 |  455.0 |
       Dungeon |   1365 |   1361 |      4 |    216 |    743 |   3 |  455.0 |
               +--------+--------+--------+--------+--------+-----+--------+

Top non-repeatable levels by time:
     D:2: 1156 daAuts
     D:1: 113 daAuts
     D:3: 96 daAuts
